 Dungeon Crawl Stone Soup version 0.28-a0-724-g66f9036eb4 (webtiles) character file.

Game seed: 12071479887917380881

27 flotson the Sneak (level 2, -2/24 HPs)
             Began as a Demonspawn Delver on Oct 26, 2021.
             Slain by a hobgoblin (5 damage)
             ... led by Robin
             ... on level 4 of the Dungeon.
             The game lasted 00:01:32 (279 turns).

flotson the Sneak (Demonspawn Delver)                Turns: 279, Time: 00:01:33

Health: -2/24      AC:  5    Str: 12    XL:     2   Next: 93%
Magic:  2/2        EV: 12    Int: 11    God:
Gold:   0          SH:  0    Dex: 14    Spells: 1/1 levels left

rFire   . . .      SeeInvis .   a - +0 hand axe
rCold   + . .      Faith    .   (no shield)
rNeg    . . .      Spirit   .   h - +0 leather armour {rC+}
rPois   .          Reflect  .   (no helmet)
rElec   .          Harm     .   (no cloak)
rCorr   .          Rampage  .   (no gloves)
Will    .....                   (no boots)
Stlth   ++........              (no amulet)
HPRegen 0.08/turn               (no ring)
MPRegen 0.08/turn               (no ring)

@: no status effects
A: yellow scales 1
a: no special abilities


You were on level 4 of the Dungeon.
You visited 1 branch of the dungeon, and saw 2 of its levels.

Inventory:

Hand Weapons
 a - a +0 hand axe (weapon)
Armour
 h - a +0 leather armour of cold resistance (worn)
Wands
 g - a wand of digging (3)
Scrolls
 b - 2 scrolls of vulnerability {unknown}
 c - a scroll of fog
 d - a scroll of magic mapping
 e - a scroll of fear


   Skills:
 + Level 3.3 Fighting
 + Level 2.1 Axes
 + Level 1.0 Armour
 + Level 2.1 Dodging
 - Level 4.5 Stealth


You had one spell level left.
You didn't know any spells.
Your spell library was empty.

Dungeon Overview and Level Annotations

Branches:
Dungeon (5/15)
 Temple: D:4-7

Altars:

Annotations:
D:4 Robin


Innate Abilities, Weirdness & Mutations

You are partially covered in yellow scales. (AC +2)


Message History

You barely miss the goblin. The goblin barely misses you.
You barely miss the goblin. You hit the endoplasm.
The endoplasm is almost dead.
You hit the goblin.
You kill the goblin!
The endoplasm jiggles.
The endoplasm freezes you.
You are frozen.
You resist.
* * * LOW HITPOINT WARNING * * *
The endoplasm freezes you.
You are frozen.
You resist.
* * * LOW HITPOINT WARNING * * *
You hit the endoplasm.
You kill the endoplasm!
Your Armour skill increases to level 1!
You barely miss the goblin.
The goblin is severely wounded.
The goblin no longer looks unusually strong.
You hit the goblin.
You kill the goblin!
You hit the goblin.
You kill the goblin!
You barely miss the goblin.
The goblin no longer looks unusually strong.
The goblin barely misses you.
You hit the goblin.
The goblin is severely wounded.
The goblin closely misses you. x2
You slash the goblin!
You kill the goblin!
You barely miss the goblin. You barely miss the hobgoblin.
The hobgoblin is severely wounded.
You closely miss the goblin. The goblin hits you with a +0 club.
* * * LOW HITPOINT WARNING * * *
Robin roars a battlecry!
The goblins go into a battle-frenzy!
The hobgoblin hits you.
You die...

######## #......#
#......# #####+##......#
. #.....#.....@g# ...
....+.....#######g#.....
....#.....#..g...Z.......
....#.....g.Z..g.g......$
....#....g#^.............
....#...g.#..............
....#.....#..............
....#..##.#..............
'####g.##)####.....######


You could see Robin, a hobgoblin (strong), a goblin (strong) and an adder
skeleton.

Vanquished Creatures
  A hound skeleton (D:5)
  An endoplasm (D:4)
  A giant cockroach (D:4)
  6 goblins (D:4)
  3 hobgoblins (D:4)
12 creatures vanquished.

Notes
Turn   | Place    | Note
-------+----------+-------------------------------------------
     0 | D:5      | flotson the Demonspawn Delver began the quest for the Orb.
     0 | D:5      | Reached XP level 1. HP: 18/18 MP: 1/1
    28 | D:5      | Gained mutation: You are partially covered in yellow
                  | scales. (AC +2) [demonic ancestry]
    28 | D:5      | Reached XP level 2. HP: 20/24 MP: 2/2
   132 | D:5      | Noticed an ogre
   212 | D:4      | Noticed Robin
   274 | D:4      | Reached skill level 1 in Armour
   279 | D:4      | Slain by a hobgoblin

Illustrated notes

Levels and vault maps discovered:
D:4:      minmay_inner_zag, layout_gridville, mainiacjoe_overflow_alcove_1,
          minmay_ruptured, uniq_robin, uniq_sigmund
D:5:      layout_basic, eat_drink_and_be_merry_uskayaw, general_overflow_altar

Skill      XL: |  1  2 |
---------------+-------+-----
Axes           | 2 |  2.1
Dodging        | 2 |  2.1
Armour         | 1 |  1.0
Fighting       | |  3.3
Stealth        | |  4.5

Action                   || total
-------------------------++-------
Melee: Hand axe          ||    38
  Use: Potion            ||     1
 Stab: Sleeping          ||     2
Armor: Leather armour    ||    15
Dodge: Dodged            ||    28

Table legend: (Time is in decaauts)
 A = Elapsed time spent in this place.
 B = Non-inter-level travel time spent in this place.
 C = Inter-level travel time spent in this place.
 D = Time resting spent in this place.
 E = Time spent auto-exploring this place.
 F = Levels seen in this place.
 G = Mean time per level.
                   A        B        C        D        E       F      G
               +--------+--------+--------+--------+--------+-----+--------+
         Total |    268 |    268 |      0 |      0 |     71 |   2 |  134.0 |
       Dungeon |    268 |    268 |      0 |      0 |     71 |   2 |  134.0 |
               +--------+--------+--------+--------+--------+-----+--------+

Top non-repeatable levels by time:
     D:5: 166 daAuts
     D:4: 102 daAuts
